 Dungeon Crawl Stone Soup version 0.16.1-28-gcc2312f (webtiles) character file.

90 Hanyuu the Insei (level 4, -2/28 HPs)
             Began as an Octopode Transmuter on May 29, 2015.
             Killed from afar by Kidiri's ghost (8 damage)
             ... with a magic dart
             ... on level 3 of the Dungeon.
             The game lasted 00:06:18 (2329 turns).

Hanyuu the Insei (Octopode Transmuter)              Turns: 2329, Time: 00:06:18

Health: -2/28      AC:  2    Str:  9    XL:     4   Next: 56%
Magic:  5/7        EV: 19    Int: 16    God:
Gold:   75         SH:  0    Dex: 17    Spells: 3 memorised, 1 level left

rFire  + . .     SeeInvis .       - Unarmed
rCold  . . .     Clarity  .     (shield currently unavailable)
rNeg   . . .     SustAb   .     e - melded +0 hat
rPois  x         Gourm    .     (no amulet)
rElec  .         Spirit   .     h - ring of protection from fire
rCorr  .         Warding  .     (no ring)
rMut   .         Stasis   .     (no ring)
MR     .....                    (no ring)
Stlth  ++........               (no ring)
                                (no ring)
                                (no ring)
                                (no ring)

@: spider-form (expiring), drained, not resistant to hostile enchantments,
unstealthy
A: almost no armour, amphibious, 8 rings, (constrict 8), (camouflage 0),
(gelatinous body 0)
a: End Transformation


You were on level 3 of the Dungeon.
You were not hungry.
You were a venomous arachnid creature.
You visited 1 branch of the dungeon, and saw 3 of its levels.

You collected 75 gold pieces.

Inventory:

Missiles
 b - 12 arrows
Armour
 e - a +0 hat (melded)
Jewellery
 h - a ring of protection from fire (left front leg)
Scrolls
 c - a scroll of teleportation {unknown}
 f - a scroll of identify {unknown}
 i - a scroll of fear {unknown}
 k - a scroll of fog {unknown}
 l - a scroll of noise {unknown}
Potions
 g - 2 potions of might {unknown}
 j - a potion of mutation {unknown}
 m - 2 potions of heal wounds {unknown}
Books
 d - a book of Changes

   Spells                             Type                      Level
   a - Beastly Appendage              Transmutation                1
   b - Sticks to Snakes               Transmutation                2
   c - Spider Form                    Transmutation/Poison         3
   d - Ice Form                       Ice/Transmutation            4
   e - Blade Hands                    Transmutation                5
Comestibles
 a - a bread ration


   Skills:
 - Level 1.0(0.9) Fighting
 - Level 2.0(1.9) Dodging
 * Level 4.9 Unarmed Combat
 - Level 2.0(1.9) Spellcasting
 + Level 2.4 Transmutations


You had one spell level left.
You knew the following spells:

 Your Spells              Type           Power        Failure   Level  Hunger
a - Beastly Appendage     Trmt           #.....       24%         1    #......
b - Sticks to Snakes      Trmt           #.........   32%         2    ###....
c - Spider Form           Trmt/Pois      #.........   61%         3    ###....


Dungeon Overview and Level Annotations

Branches:
Dungeon (3/15)

Altars:

Annotations:
D:3 Kidiri's ghost, average DrCj


Innate Abilities, Weirdness & Mutations

You cannot wear most types of armour.
You are amphibious.
You can wear up to eight rings at the same time.
((You can use your tentacles to constrict many enemies at once.))
((Your skin changes colour to match your surroundings (Stealth).))
((Your rubbery body absorbs attacks (AC +1).))


Message History

The magic dart hits you!
You bite Kidiri's ghost!
Kidiri's ghost is heavily damaged.
Your transformation is almost over.
Kidiri's ghost completely misses you.
You hit Kidiri's ghost but do no damage.
Kidiri's ghost is heavily damaged.
Kidiri's ghost hits you but does no damage.
You hit Kidiri's ghost.
Kidiri's ghost is heavily damaged.
Kidiri's ghost misses you.
You hit Kidiri's ghost.
Kidiri's ghost is severely damaged.
Kidiri's ghost hits you.
* * * LOW HITPOINT WARNING * * *
You hit Kidiri's ghost.
Kidiri's ghost is almost destroyed.
Kidiri's ghost gestures at you while chanting.
The magic dart hits you!
You die...

#############
............# #
...########.# .#
##.########.######.#
##............)....#
###########.....sW.#
# ########.# # # # #
# ### # #..


You could see Kidiri's ghost.

Vanquished Creatures
  Robin (D:2)
  2 adders (D:2)
  A worm (D:2)
  2 orcs (D:3)
  5 bats
  4 giant cockroaches
  7 hobgoblins
  13 kobolds
  A quokka (D:2)
  A ball python (D:2)
  3 giant newts
  11 goblins
  4 rats
55 creatures vanquished.

Notes
Turn   | Place    | Note
--------------------------------------------------------------
     0 | D:1      | Hanyuu, the Octopode Transmuter, began the quest for the Orb.
     0 | D:1      | Reached XP level 1. HP: 13/13 MP: 3/3
   153 | D:1      | Reached XP level 2. HP: 12/18 MP: 4/4
   632 | D:1      | Reached skill level 4 in Unarmed Combat
   834 | D:2      | Reached XP level 3. HP: 23/23 MP: 6/6
   838 | D:2      | Learned a level 2 spell: Sticks to Snakes
   842 | D:2      | Learned a level 3 spell: Spider Form
  1550 | D:2      | Noticed Robin
  1575 | D:2      | Killed Robin
  1575 | D:2      | Reached XP level 4. HP: 24/28 MP: 1/7
  2317 | D:3      | Noticed Kidiri's ghost (average DrCj)
  2329 | D:3      | Killed from afar by Kidiri's ghost

Action                   |  1- 3 |  4- 6 || total
-------------------------+-------+-------++-------
Melee: Unarmed           |    91 |    40 ||   131
 Cast: Spider Form       |     2 |     1 ||     3
       Beastly Appendage |       |     1 ||     1
  Use: Potion            |     1 |       ||     1
 Stab: Sleeping          |     9 |       ||     9
       Distracted        |     1 |       ||     1
  Eat: Chunk             |     2 |     3 ||     5
